[ AOE2 MATCH · #494755345 ]
UnrankedMapuche vs Japanese
Player's team · WIN
Rival team · LOSS
[ REPLAY ANALYSIS · EXTRACTED FROM THE RECORDED GAME ]
Feudal
10:58
Castle
16:05
Imperial
—
| APM avg | 63.4 |
| APM peak | 116 |
| eAPM avg | 22.8 |
| Villagers / military | 75 / 51 |
Focus
⚔️ 29.0% · 🌾 71.0%
Kona ×41 · Monk ×5 · Battering Ram ×4 · Scorpion ×1
Feudal
9:00
Castle
25:57
Imperial
—
| APM avg | 50.7 |
| APM peak | 109 |
| eAPM avg | 23.7 |
| Villagers / military | 120 / 38 |
Focus
⚔️ 30.7% · 🌾 69.3%
Spearman ×15 · Militia ×9 · Scout Cavalry ×8 · Knight ×6
Match map
Initial resources + every placement click. Lines = walls · curves = elevation contours. ◆ gold · ⬟ stone · ● berries · ✦ relic · ◌ wall gap
Your base· Open — 7t gap
酒后帝国's base· ✓ Closed at 25:57 · 33t walls · 1 gate(s)
Smoothed initial terrain · ◌ = detected wall gap · hover for details
Inputs per minute
— shegin - - 酒后帝国
Build order — shegin
First 150 of 186 actions detected
| 0:01 | Create | Villager (Male) |
| 0:01 | Create | Villager (Male) |
| 0:02 | Build | House |
| 0:12 | Build | House |
| 0:16 | Create | Villager (Male) |
| 0:16 | Create | Villager (Male) |
| 0:16 | Create | Villager (Male) |
| 0:43 | Build | House |
| 1:19 | Create | Villager (Male) |
| 1:46 | Build | Settlement |
| 2:01 | Create | Villager (Male) |
| 2:22 | Create | Villager (Male) |
| 2:22 | Create | Villager (Male) |
| 2:22 | Create | Villager (Male) |
| 2:42 | Create | Villager (Male) |
| 2:42 | Create | Villager (Male) |
| 3:13 | Create | Villager (Male) |
| 3:39 | Create | Villager (Male) |
| 3:39 | Create | Villager (Male) |
| 3:39 | Create | Villager (Male) |
| 4:18 | Create | Villager (Male) |
| 4:50 | Create | Villager (Male) |
| 4:53 | Build | Settlement |
| 5:28 | Create | Villager (Male) |
| 5:29 | Create | Villager (Male) |
| 5:29 | Create | Villager (Male) |
| 6:37 | Create | Villager (Male) |
| 6:59 | Create | Villager (Male) |
| 7:03 | Create | Villager (Male) |
| 7:03 | Create | Villager (Male) |
| 7:03 | Research | Loom |
| 7:22 | Build | House |
| 7:30 | Build | Palisade Gate |
| 7:32 | Create | Villager (Male) |
| 8:43 | Research | Feudal Age |
| 9:45 | Build | Settlement |
| 10:03 | Create | Villager (Male) |
| 10:43 | Build | Palisade Wall |
| 10:44 | Build | Palisade Wall |
| 10:58 | Age | Feudal Age |
| 11:09 | Build | Market |
| 11:18 | Create | Villager (Male) |
| 11:41 | Build | Gate |
| 11:46 | Build | House |
| 12:10 | Create | Villager (Male) |
| 12:14 | Build | Blacksmith |
| 13:25 | Research | Castle Age |
| 13:25 | Research | Castle Age |
| 14:18 | Build | Market |
| 14:51 | Research | Double-Bit Axe |
| 14:51 | Research | Double-Bit Axe |
| 15:48 | Build | Farm |
| 15:51 | Build | Farm |
| 15:52 | Build | Farm |
| 15:56 | Build | Farm |
| 16:05 | Age | Castle Age |
| 16:09 | Build | Castle |
| 16:17 | Create | Villager (Male) |
| 16:43 | Create | Villager (Male) |
| 16:45 | Create | Villager (Male) |
| 16:49 | Research | Horse Collar |
| 16:51 | Build | Farm |
| 16:52 | Build | Farm |
| 17:05 | Build | Farm |
| 17:14 | Create | Kona |
| 17:14 | Create | Kona |
| 17:14 | Create | Kona |
| 17:21 | Build | Farm |
| 17:42 | Build | Settlement |
| 17:47 | Create | Kona |
| 18:12 | Build | Farm |
| 18:12 | Build | Farm |
| 18:15 | Create | Kona |
| 18:33 | Build | Farm |
| 18:34 | Build | Farm |
| 18:34 | Build | Farm |
| 18:35 | Build | Farm |
| 18:35 | Build | Farm |
| 18:43 | Create | Kona |
| 18:47 | Build | House |
| 18:51 | Build | House |
| 19:12 | Create | Villager (Male) |
| 19:18 | Create | Kona |
| 19:43 | Create | Villager (Male) |
| 20:02 | Create | Villager (Male) |
| 20:10 | Build | Settlement |
| 20:16 | Create | Kona |
| 20:17 | Create | Kona |
| 20:30 | Create | Villager (Male) |
| 20:49 | Create | Kona |
| 20:49 | Create | Kona |
| 20:53 | Create | Villager (Male) |
| 21:19 | Create | Villager (Male) |
| 21:21 | Create | Villager (Male) |
| 21:31 | Create | Villager (Male) |
| 21:45 | Create | Villager (Male) |
| 22:01 | Create | Kona |
| 22:01 | Create | Kona |
| 22:20 | Create | Villager (Male) |
| 22:31 | Create | Kona |
| 22:38 | Create | Villager (Male) |
| 22:45 | Create | Villager (Male) |
| 22:57 | Create | Villager (Male) |
| 23:07 | Create | Villager (Male) |
| 23:13 | Create | Kona |
| 23:13 | Create | Kona |
| 23:14 | Create | Kona |
| 23:23 | Create | Villager (Male) |
| 23:45 | Create | Kona |
| 23:56 | Build | Farm |
| 24:08 | Create | Kona |
| 24:08 | Create | Kona |
| 24:16 | Create | Villager (Male) |
| 24:24 | Create | Villager (Male) |
| 24:30 | Create | Villager (Male) |
| 24:34 | Build | Siege Workshop |
| 24:50 | Create | Villager (Male) |
| 24:55 | Create | Kona |
| 24:57 | Create | Kona |
| 25:02 | Build | House |
| 25:04 | Build | House |
| 25:10 | Research | Wheelbarrow |
| 25:10 | Research | Wheelbarrow |
| 25:21 | Build | Monastery |
| 25:27 | Create | Villager (Male) |
| 25:48 | Create | Villager (Male) |
| 25:53 | Build | House |
| 25:54 | Build | House |
| 25:55 | Build | House |
| 25:57 | Create | Villager (Male) |
| 26:28 | Create | Villager (Male) |
| 26:38 | Build | Town Center |
| 26:54 | Create | Villager (Male) |
| 27:00 | Create | Villager (Male) |
| 27:04 | Create | Monk |
| 27:07 | Build | Farm |
| 27:11 | Create | Kona |
| 27:11 | Create | Kona |
| 27:12 | Create | Kona |
| 27:17 | Create | Battering Ram |
| 27:20 | Build | House |
| 27:22 | Create | Villager (Male) |
| 28:07 | Create | Kona |
| 28:11 | Create | Battering Ram |
| 28:12 | Create | Villager (Male) |
| 28:20 | Create | Villager (Male) |
| 28:20 | Create | Villager (Male) |
| 28:20 | Create | Villager (Male) |
| 28:35 | Create | Monk |
| 28:37 | Create | Battering Ram |
Build order — 酒后帝国
First 150 of 259 actions detected
| 0:00 | Create | Villager (Male) |
| 0:01 | Create | Villager (Male) |
| 0:01 | Create | Villager (Male) |
| 0:03 | Build | House |
| 0:11 | Build | House |
| 0:17 | Create | Villager (Male) |
| 0:17 | Create | Villager (Male) |
| 1:26 | Create | Villager (Male) |
| 1:26 | Create | Villager (Male) |
| 1:26 | Create | Villager (Male) |
| 1:54 | Create | Villager (Male) |
| 1:55 | Create | Villager (Male) |
| 2:00 | Build | Lumber Camp |
| 2:27 | Create | Villager (Male) |
| 2:28 | Create | Villager (Male) |
| 2:28 | Create | Villager (Male) |
| 2:51 | Create | Villager (Male) |
| 2:51 | Create | Villager (Male) |
| 2:56 | Build | House |
| 3:16 | Create | Villager (Male) |
| 3:17 | Create | Villager (Male) |
| 3:17 | Create | Villager (Male) |
| 3:17 | Create | Villager (Male) |
| 3:59 | Create | Villager (Male) |
| 4:19 | Create | Villager (Male) |
| 4:19 | Create | Villager (Male) |
| 4:19 | Create | Villager (Male) |
| 4:51 | Create | Villager (Male) |
| 4:51 | Create | Villager (Male) |
| 5:09 | Build | Barracks |
| 5:12 | Build | House |
| 5:20 | Create | Villager (Male) |
| 5:20 | Create | Villager (Male) |
| 5:20 | Create | Villager (Male) |
| 5:45 | Create | Villager (Male) |
| 5:45 | Create | Villager (Male) |
| 5:46 | Create | Villager (Male) |
| 5:46 | Create | Villager (Male) |
| 6:08 | Research | Loom |
| 6:23 | Build | Mining Camp |
| 6:41 | Build | Palisade Wall |
| 6:50 | Research | Feudal Age |
| 6:50 | Research | Feudal Age |
| 7:02 | Create | Militia |
| 7:02 | Create | Militia |
| 7:02 | Create | Militia |
| 7:21 | Create | Militia |
| 7:21 | Create | Militia |
| 7:21 | Create | Militia |
| 7:43 | Create | Militia |
| 7:43 | Create | Militia |
| 8:10 | Create | Militia |
| 8:49 | Build | Mill |
| 8:55 | Build | House |
| 9:00 | Age | Feudal Age |
| 9:04 | Create | Villager (Male) |
| 9:12 | Research | Man-at-Arms (upgrade) |
| 9:12 | Research | Man-at-Arms (upgrade) |
| 9:13 | Create | Villager (Male) |
| 9:14 | Create | Villager (Male) |
| 9:14 | Create | Villager (Male) |
| 9:28 | Build | Mining Camp |
| 9:30 | Create | Villager (Male) |
| 9:32 | Build | Palisade Wall |
| 9:33 | Build | Palisade Wall |
| 10:25 | Build | Watch Tower |
| 10:31 | Create | Villager (Male) |
| 10:31 | Create | Villager (Male) |
| 10:31 | Create | Villager (Male) |
| 10:31 | Create | Villager (Male) |
| 10:32 | Create | Villager (Male) |
| 10:40 | Create | Villager (Male) |
| 10:48 | Research | Double-Bit Axe |
| 10:48 | Research | Double-Bit Axe |
| 10:48 | Research | Double-Bit Axe |
| 10:58 | Build | House |
| 11:16 | Create | Villager (Male) |
| 11:17 | Create | Villager (Male) |
| 11:17 | Create | Villager (Male) |
| 11:17 | Create | Villager (Male) |
| 11:31 | Build | Watch Tower |
| 11:39 | Create | Villager (Male) |
| 11:39 | Create | Villager (Male) |
| 11:39 | Create | Villager (Male) |
| 12:02 | Build | Watch Tower |
| 12:08 | Create | Villager (Male) |
| 12:08 | Create | Villager (Male) |
| 12:09 | Create | Villager (Male) |
| 12:16 | Create | Villager (Male) |
| 12:16 | Create | Villager (Male) |
| 12:36 | Build | Blacksmith |
| 12:53 | Create | Villager (Male) |
| 12:53 | Create | Villager (Male) |
| 12:53 | Create | Villager (Male) |
| 12:53 | Create | Villager (Male) |
| 13:06 | Build | Mill |
| 13:11 | Create | Villager (Male) |
| 13:11 | Create | Villager (Male) |
| 13:32 | Build | Stone Wall |
| 13:33 | Build | Stone Wall |
| 13:34 | Build | Stone Wall |
| 13:35 | Build | Stone Wall |
| 13:38 | Create | Villager (Male) |
| 13:38 | Create | Villager (Male) |
| 13:39 | Create | Villager (Male) |
| 13:39 | Create | Villager (Male) |
| 13:48 | Build | Watch Tower |
| 14:09 | Create | Villager (Male) |
| 14:09 | Create | Villager (Male) |
| 14:23 | Create | Villager (Male) |
| 14:41 | Create | Villager (Male) |
| 14:43 | Build | House |
| 14:46 | Build | Farm |
| 14:47 | Build | House |
| 14:58 | Build | Stable |
| 15:11 | Research | Horse Collar |
| 15:11 | Research | Horse Collar |
| 15:12 | Research | Horse Collar |
| 15:18 | Build | Palisade Wall |
| 15:21 | Build | Palisade Wall |
| 15:29 | Build | Stone Wall |
| 15:30 | Build | Stone Wall |
| 15:31 | Build | Stone Wall |
| 15:32 | Build | Stone Wall |
| 15:50 | Build | Farm |
| 15:51 | Build | Farm |
| 15:54 | Create | Villager (Male) |
| 16:11 | Create | Scout Cavalry ×4 |
| 16:11 | Create | Scout Cavalry ×4 |
| 16:26 | Build | Stone Wall |
| 16:26 | Build | Stone Wall |
| 16:27 | Build | Stone Wall |
| 16:28 | Build | Stone Wall |
| 16:29 | Build | Stone Wall |
| 16:41 | Build | Farm |
| 16:41 | Build | Farm |
| 16:42 | Create | Villager (Male) |
| 16:42 | Create | Villager (Male) |
| 17:15 | Build | Watch Tower |
| 17:27 | Create | Villager (Male) |
| 17:27 | Create | Villager (Male) |
| 17:27 | Create | Villager (Male) |
| 17:29 | Build | Farm |
| 17:40 | Create | Spearman |
| 17:40 | Create | Spearman |
| 17:54 | Create | Villager (Male) |
| 17:54 | Create | Villager (Male) |
| 17:58 | Build | Watch Tower |
| 18:11 | Build | Palisade Wall |
| 18:13 | Build | House |
Match timeline
| 5:09 | 酒后帝国 · first_building Barracks |
| 6:41 | 酒后帝国 · wall_segment Palisade Wall x1 |
| 9:00 | 酒后帝国 · age_up feudal |
| 9:32 | 酒后帝国 · wall_segment Palisade Wall x1 |
| 9:33 | 酒后帝国 · wall_segment Palisade Wall x1 |
| 10:43 | shegin · wall_segment Palisade Wall x1 |
| 10:44 | shegin · wall_segment Palisade Wall x1 |
| 10:58 | shegin · age_up feudal |
| 12:22 | shegin · first_market_sell 100 wood |
| 13:32 | 酒后帝国 · wall_segment Stone Wall x2 |
| 13:33 | 酒后帝国 · wall_segment Stone Wall x2 |
| 13:34 | 酒后帝国 · wall_segment Stone Wall x3 |
| 13:35 | 酒后帝国 · wall_segment Stone Wall x3 |
| 14:58 | 酒后帝国 · first_building Stable |
| 15:18 | 酒后帝国 · wall_segment Palisade Wall x2 |
| 15:21 | 酒后帝国 · wall_segment Palisade Wall x2 |
| 15:29 | 酒后帝国 · wall_segment Stone Wall x2 |
| 15:30 | 酒后帝国 · wall_segment Stone Wall x2 |
| 15:31 | 酒后帝国 · wall_segment Stone Wall x3 |
| 15:32 | 酒后帝国 · wall_segment Stone Wall x3 |
| 16:05 | shegin · age_up castle |
| 16:09 | shegin · first_building Castle |
| 16:26 | 酒后帝国 · wall_segment Stone Wall x2 |
| 16:26 | 酒后帝国 · wall_segment Stone Wall x2 |
| 16:27 | 酒后帝国 · wall_segment Stone Wall x3 |
| 16:28 | 酒后帝国 · wall_segment Stone Wall x2 |
| 16:29 | 酒后帝国 · wall_segment Stone Wall x3 |
| 18:11 | 酒后帝国 · wall_segment Palisade Wall x1 |
| 19:35 | 酒后帝国 · wall_segment Palisade Wall x4 |
| 24:34 | shegin · first_building Siege Workshop |
| 25:21 | shegin · first_building Monastery |
| 25:57 | 酒后帝国 · age_up castle |
| 26:37 | shegin · first_market_buy 100 stone |
| 27:27 | 酒后帝国 · first_market_sell 100 wood |
| 28:16 | 酒后帝国 · wall_segment Stone Wall x1 |
| 28:19 | 酒后帝国 · wall_segment Stone Wall x1 |
| 28:31 | 酒后帝国 · first_market_buy 100 stone |
| 29:26 | 酒后帝国 · wall_segment Palisade Wall x1 |
| 29:27 | 酒后帝国 · wall_segment Palisade Wall x1 |
| 33:13 | 酒后帝国 · resign |
[ AI ANALYSIS · 1 CREDIT ]
What really happened in this match?
Wolo.gg analyzes every decision: build order, eco, micro, common mistakes by bracket. Personalized analysis on WhatsApp or Discord in 30 seconds.
Civ guide
Mapuche
Perfil
shegin